 Dungeon Crawl Stone Soup version 0.20.1-1-g8b1a95d (webtiles) character file.

547 tidbits the Insei (level 6, 0/75 HPs)
             Began as a Demigod Transmuter on Aug 14, 2017.
             Succumbed to a killer bee's poison
             ... on level 4 of the Dungeon.
             The game lasted 00:12:32 (1582 turns).

tidbits the Insei (Demigod Transmuter)              Turns: 1582, Time: 00:12:32

Health: 0/75       AC:  2    Str: 16    XL:     6   Next: 78%
Magic:  7/11       EV: 19    Int: 21    God:
Gold:   215        SH:  0    Dex: 21    Spells: 3/9 levels left

rFire    . . .     SeeInvis .     - Unarmed
rCold    . . .     Gourm    .   (shield currently unavailable)
rNeg     . . .     Faith    .   (armour currently unavailable)
rPois    x         Spirit   .   (helmet currently unavailable)
rElec    .         Reflect  .   (cloak currently unavailable)
rCorr    .         Harm     .   (gloves currently unavailable)
MR       .....     Clarity  +   (boots currently unavailable)
Stlth    ..........             (no amulet)
Regen    0.3/turn               g - ring of stealth
MPRegen  0.2/turn               Y - +4 ring of slaying

@: berserking (expiring), lethally poisoned (0 -> -7), spider-form (expiring),
very quick
A: clarity, high mp 1, robust 1, weak 1, evolution 1, subdued magic 1
a: End Transformation


You were on level 4 of the Dungeon.
You were not hungry.
You were a venomous arachnid creature.
You visited 1 branch of the dungeon, and saw 4 of its levels.

You collected 215 gold pieces.

Inventory:

Hand Weapons
 z - a +1 dagger of venom
   (You took it off an orc wizard on level 3 of the Dungeon)
Missiles
 a - 40 arrows
 w - 53 stones (quivered)
 y - 10 sling bullets
Armour
 b - a +0 robe (melded)
Magical Staves
 k - an uncursed staff of power {!a}
   (You found it on level 2 of the Dungeon)
Jewellery
 g - a ring of stealth (left front leg)
   (You found it on level 2 of the Dungeon)
 v - an uncursed ring of protection from fire
   (You found it on level 3 of the Dungeon)
 Y - a +4 ring of slaying (right front leg)
   (You found it on level 2 of the Dungeon)
Scrolls
 f - 3 scrolls of teleportation
 l - a scroll of magic mapping {unknown}
 m - a scroll of blinking {unknown}
 n - a scroll of enchant weapon {unknown}
 p - a scroll of enchant armour {unknown}
 q - a scroll of random uselessness {unknown}
 r - a scroll of recharging
 u - a scroll of fear {unknown}
 A - a scroll of amnesia {unknown}
 C - a scroll of remove curse {unknown}
 D - a scroll of fog {unknown}
Potions
 h - a potion of curing
 j - 2 potions of cancellation
 o - a potion of magic
 s - a potion of ambrosia
 B - a potion of heal wounds {unknown}
 E - a potion of flight {unknown}
Books
 c - a book of Changes

   Spells                             Type                      Level
   a - Beastly Appendage              Transmutation                1
   b - Sticks to Snakes               Transmutation                2
   c - Spider Form                    Transmutation/Poison         3
   d - Ice Form                       Ice/Transmutation            4
   e - Blade Hands                    Transmutation                5
Comestibles
 d - 2 bread rations
 i - 2 chunks of flesh
 t - 4 fruits
 x - a royal jelly


   Skills:
 - Level 0.8 Fighting
 - Level 1.7 Dodging
 + Level 6.8 Unarmed Combat
 - Level 2.0 Spellcasting
 - Level 3.1 Transmutations


You had 3 spell levels left.
You knew the following spells:

 Your Spells              Type           Power        Failure   Level  Hunger
e - Beastly Appendage     Tmut           ##....       11%         1    #......
k - Sticks to Snakes      Tmut           ##......     14%         2    ##.....
p - Spider Form           Tmut/Pois      #.........   38%         3    ###....


Dungeon Overview and Level Annotations

Branches:
Dungeon (4/15)
 Temple: D:4-7

Annotations:
D:3 2 transporters


Innate Abilities, Weirdness & Mutations

You have an increased reservoir of magic. (+10% MP)
You possess an exceptional clarity of mind.
You are robust. (+10% HP)
You are weak. (Str -2)
You evolve.
Your spells are a little easier to cast, but a little less powerful.


Message History

Confirm with . or Enter, or press ? or * to list all spells.
You turn into a venomous arachnid creature.
Your +0 robe melds into your body.
Your unstable footing causes you to fumble your attack.
The dart slug completely misses you.
You hit the dart slug.
The dart slug is poisoned.
The dart slug is severely wounded.
You kill the dart slug!
Your transformation is almost over.
Your transformation has ended.
Your +0 robe unmelds from your body.
Magic restored.
Found a scroll labeled LANYTI TUET.
C - a scroll labeled LANYTI TUET
Found a scroll labeled YSHREC UDUTH.
Unknown command.
D - a scroll labeled YSHREC UDUTH
Found a bubbling grey potion.
Some of the chunks of flesh in your inventory have rotted away.
E - a bubbling grey potion
Found 17 sling bullets.
A killer bee comes into view.
A killer bee is nearby!
Unknown command.
Casting: Spider Form
Confirm with . or Enter, or press ? or * to list all spells.
You create a snake!
You now have 40 arrows.
Casting: Sticks to Snakes
Confirm with . or Enter, or press ? or * to list all spells.
You don't know that spell.
You swap places.
A killer bee comes into view.
The killer bee buzzes angrily.
Casting: Sticks to Snakes
Confirm with . or Enter, or press ? or * to list all spells.
You turn into a venomous arachnid creature.
Your +0 robe melds into your body.
A killer bee comes into view.
The killer bee stings you.
A killer bee comes into view.
You barely miss the killer bee.
The killer bee buzzes angrily.
The killer bee stings you.
* * * LOW HITPOINT WARNING * * *
You are poisoned.
The killer bee poisons you! The killer bee closely misses you.
You hit the killer bee.
The killer bee is poisoned.
The killer bee is lightly wounded.
You feel sick. The killer bee barely misses you. The killer bee stings you!
* * * LOW HITPOINT WARNING * * *
You are lethally poisoned!
The killer bee poisons you!
You barely miss the killer bee.
The killer bee is heavily wounded.
* * * LOW HITPOINT WARNING * * *
You feel sick. The killer bee stings you!
* * * LOW HITPOINT WARNING * * *
You feel better.
Your transformation is almost over.
The killer bee closely misses you.
A killer bee comes into view.
A red film seems to cover your vision as you go berserk!
You feel yourself moving faster!
You feel mighty!
You kill the killer bee!
Your Unarmed Combat skill increases to level 6!
The killer bee stings you!
* * * LOW HITPOINT WARNING * * *
The killer bee completely misses you.
You bite the killer bee!
The killer bee is poisoned.
The killer bee is heavily wounded.
The killer bee barely misses you.
You bite the killer bee!
You kill the killer bee!
You barely miss the killer bee. The killer bee closely misses you.
You closely miss the killer bee. The killer bee misses you.
You bite the killer bee!
The killer bee is almost dead.
The killer bee completely misses you.
You completely miss the killer bee.
The killer bee is almost dead.
The killer bee closely misses you.
You barely miss the killer bee.
The killer bee is almost dead.
The killer bee stings you.
* * * LOW HITPOINT WARNING * * *
The killer bee completely misses you.
You hit the killer bee.
You kill the killer bee!
You bite the killer bee!
The killer bee is almost dead.
The killer bee misses you.
You maul the killer bee!!
You kill the killer bee!
The killer bee stings you.
* * * LOW HITPOINT WARNING * * *
You are lethally poisoned!
The killer bee poisons you!
You maul the killer bee!!
You kill the killer bee!
You die...

###.###### .#.##
##. #.## #.# #.#
#.. #.# #(# ..#
#.# ### #.# #†#
#s# #S# #.#
############.#
#............#
#####.############
......# #######


You could see a friendly ball python.

Vanquished Creatures
  An ogre (D:4)
  A big kobold (D:4)
  5 killer bees (D:4)
  3 orc wizards (D:3)
  3 adders
  2 worms
  3 dart slugs
  3 leopard geckos
  7 orcs (D:3)
  5 bats
  5 goblins
  5 hobgoblins
  2 jackals (D:3)
  2 frilled lizards
  7 kobolds
  A leopard gecko skeleton (D:3)
  7 rats
62 creatures vanquished.

Vanquished Creatures (collateral kills)
  A worm (D:2)
  A frilled lizard (D:2)
  A rat (D:2)
3 creatures vanquished.

Grand Total: 65 creatures vanquished

Notes
Turn   | Place    | Note
-------+----------+-------------------------------------------
     0 | D:1      | tidbits the Demigod Transmuter began the quest for the Orb.
     0 | D:1      | Reached XP level 1. HP: 15/15 MP: 5/5
    43 | D:1      | Reached skill level 3 in Unarmed Combat
    87 | D:1      | Reached XP level 2. HP: 22/22 MP: 5/7
    91 | D:1      | Learned a level 2 spell: Sticks to Snakes
   323 | D:1      | Reached XP level 3. HP: 17/27 MP: 6/8
   330 | D:1      | Found a sparkling altar of Nemelex Xobeh.
   672 | D:2      | Reached skill level 2 in Spellcasting
   678 | D:2      | Learned a level 3 spell: Spider Form
   848 | D:3      | Found a transporter.
   873 | D:3      | Reached skill level 2 in Transmutations
   879 | D:3      | Reached skill level 4 in Unarmed Combat
   976 | D:3      | Found a transporter.
  1014 | D:3      | Reached XP level 4. HP: 23/34 MP: 3/9
  1105 | D:3      | Gained mutation: Scrolls take you a little longer to read. [potion of mutation]
  1105 | D:3      | Gained mutation: You passively map a small area around you. [potion of mutation]
  1106 | D:3      | Lost mutation: Scrolls take you a little longer to read. [potion of mutation]
  1106 | D:3      | Lost mutation: You passively map a small area around you. [potion of mutation]
  1106 | D:3      | Gained mutation: Your spells are a little easier to cast, but a little less powerful. [potion of mutation]
  1106 | D:3      | Gained mutation: You have a pair of small horns on your head. [potion of mutation]
  1106 | D:3      | Gained mutation: You evolve. [potion of mutation]
  1274 | D:3      | Found a faded altar of an unknown god.
  1274 | D:3      | Found a faded altar of an unknown god.
  1280 | D:3      | Found a shadowy altar of Dithmenos.
  1282 | D:3      | Found a stormy altar of Qazlal.
  1283 | D:3      | Found an opulent altar of Gozag.
  1366 | D:3      | Reached skill level 3 in Transmutations
  1366 | D:3      | Reached XP level 5. HP: 21/39 MP: 2/10
  1398 | D:4      | Reached skill level 5 in Unarmed Combat
  1433 | D:4      | Lost mutation: Your spells are a little easier to cast, but a little less powerful. [potion of mutation]
  1433 | D:4      | Lost mutation: You have a pair of small horns on your head. [potion of mutation]
  1433 | D:4      | Gained mutation: You are weak. (Str -2) [potion of mutation]
  1433 | D:4      | Gained mutation: Your spells are a little easier to cast, but a little less powerful. [potion of mutation]
  1433 | D:4      | Gained mutation: You are robust. (+10% HP) [potion of mutation]
  1433 | D:4      | Gained mutation: You possess an exceptional clarity of mind. [potion of mutation]
  1459 | D:4      | Noticed an ogre
  1483 | D:4      | Killed an ogre
  1483 | D:4      | Reached XP level 6. HP: 25/50 MP: 7/11
  1496 | D:4      | Found a snail-covered altar of Cheibriados.
  1569 | D:4      | HP: 3/50 [killer bee (10)]
  1571 | D:4      | Reached skill level 6 in Unarmed Combat
  1578 | D:4      | HP: 5/75 [killer bee (5)]
  1581 | D:4      | HP: 1/75 [killer bee (4)]
  1582 | D:4      | Succumbed to a killer bee's poison

Skill      XL: |  1  2  3  4  5  6 |
---------------+-------------------+-----
Unarmed Combat | 3 4 5 6 |  6.8
Spellcasting   | 2 |  2.0
Transmutations | 2 3 |  3.1
Fighting       | |  0.8
Dodging        | |  1.7

Action                   |  1- 3 |  4- 6 || total
-------------------------+-------+-------++-------
Melee: Unarmed           |    88 |    58 ||   146
       Headbutt          |    10 |     3 ||    13
       Punch             |     2 |     1 ||     3
       Kick              |     4 |       ||     4
 Cast: Beastly Appendage |    17 |     1 ||    18
       Sticks to Snakes  |     6 |     1 ||     7
       Spider Form       |     1 |     9 ||    10
  Use: Scroll            |     5 |     3 ||     8
       Potion            |       |     6 ||     6
 Stab: Sleeping          |       |     1 ||     1
  Eat: Chunk             |     1 |     4 ||     5
Armor: Robe              |    14 |     1 ||    15
Dodge: Dodged            |    58 |    44 ||   102

Table legend:
 A = Turns spent in this place as a percentage of turns spent in the entire game.
 B = Non-inter-level travel turns spent in this place as a percentage of non-inter-level travel turns spent in the entire game.
 C = Inter-level travel turns spent in this place as a percentage of turns spent in this place.
 D = Turns resting spent in this place as a percentage of non-inter-level travel turns spent in this place.
 E = Turns spent auto-exploring this place as a percentage of non-inter-level travel turns spent in this place.
 F = Non-inter-level travel turns spent in this place divided by the number of levels of this place that you've seen.
                   A       B       C       D       E      F
               +-------+-------+-------+-------+-------+----------------------
         Total | 100.0 | 100.0 |   0.3 |   0.0 |   0.0 | 350.0
       Dungeon | 100.0 | 100.0 |   0.3 |   0.0 |   0.0 | 350.0
               +-------+-------+-------+-------+-------+----------------------

Table legend:
 A = Kills in this place as a percentage of kills in entire the game.
 B = Kills by you in this place as a percentage of kills by you in the entire game.
 C = Kills by friends in this place as a percentage of kills by friends in the entire game.
 D = Other kills in this place as a percentage of other kills in the entire game.
 E = Experience gained in this place as a percentage of experience gained in the entire game.
 F = Experience gained in this place divided by the number of levels of this place that you have seen.
                   A       B       C       D       E      F
               +-------+-------+-------+-------+-------+----------------------
         Total | 100.0 | 100.0 | 100.0 |  -nan | 100.0 | 195.5
       Dungeon | 100.0 | 100.0 | 100.0 |  -nan | 100.0 | 195.5
               +-------+-------+-------+-------+-------+----------------------

Vault maps used:
D:1:      erik_arrival_triangle_small, nemelex_diamond_rough_becter
D:3:      gammafunk_wand_slinger, chequers_temple_overflow_minitemple,
          first_bread, serial_undead, serial_undead_a, serial_undead_c,
          serial_undead_f, serial_undead_b, serial_undead_a, serial_undead_c,
          minivault_25
D:4:      kennysheep_slug_shrine, roderic_lattice_a, grunt_dithmenos_smoke
